 Dungeon Crawl Stone Soup version 0.31-a0-231-g51bb95cda3 (webtiles) character file.

Game seed: 8368129464002798670

148 qw the Shooter (level 5, 0/30 HPs)
             Began as a Gargoyle Hexslinger on July 6, 2023.
             Killed by divine providence
             ... invoked by an orc priest
              (11 damage)
             ... on level 3 of the Dungeon.
             The game lasted 00:00:58 (1782 turns).

qw the Shooter (Gargoyle Hexslinger)                Turns: 1782, Time: 00:00:58

Health: 0/30       AC: 11    Str: 12    XL:     5   Next: 30%
Magic:  6/6        EV: 10    Int: 13    God:
Gold:   142        SH:  0    Dex: 14    Spells: 5/6 levels left

rFire   . . .        Y - +1 sling
rCold   . . .        (no shield)
rNeg    + . .        g - +0 ring mail
rPois   inf          c - +0 helmet
rElec   +            (no cloak)
rCorr   .            (no gloves)
SInv    .            e - +0 pair of boots
Will    .....        (no amulet)
Stlth   +            (no ring)
HPRegen 0.25/turn    (no ring)
MPRegen 0.10/turn

%: no passive effects
@: no status effects
A: sickness immunity, AC +4, negative energy resistance 1, electricity
resistance, torment resistance 1, petrification resistance
a: no special abilities


You were on level 3 of the Dungeon.
You visited 1 branch of the dungeon, and saw 3 of its levels.

You collected 142 gold pieces.


Innate Abilities, Weirdness & Mutations

You are immune to sickness and miasma.
Your stone body is resilient. (AC +4)
You are immune to poison.
You resist negative energy. (rN+)
You are resistant to electric shocks. (rElec)
You are resistant to unholy torment.
You are immune to petrification.


   Skills:
 - Level 2.0 Fighting
 + Level 4.9 Ranged Weapons
 - Level 1.2 Armour
 - Level 1.5 Dodging
 - Level 1.0 Spellcasting
 - Level 2.6 Hexes


You had 5 spell levels left.
You knew the following spells:

 Your Spells              Type           Power      Damage    Failure   Level
a - Slow                  Hex            28%        N/A       22%         1

Your spell library contained the following spells:

 Spells                   Type           Power      Damage    Failure   Level
 Inner Flame              Hex/Fire       4%         N/A       73%         3
 Portal Projectile        Hex/Tloc       8%         N/A       73%         3
 Cause Fear               Hex            3%         N/A       91%         4

Inventory:

Hand Weapons
 Y - a +1 sling (weapon)
Armour
 c - a +0 helmet (worn)
 e - a +0 pair of boots (worn)
 g - a +0 ring mail (worn)
Scrolls
 b - a scroll of identify
Potions
 a - 2 potions of heal wounds {unknown}
 d - a potion of cancellation
 f - 2 potions of resistance
 h - a potion of ambrosia {unknown}
 i - a potion of enlightenment
 k - a potion of curing

Dungeon Overview and Level Annotations

Branches:
Dungeon (3/15)

Altars:

Annotations:
D:3 3 runed translucent doors, qw's ghost, weakling GrHs


Message History

An orc priest and 2 orcs come into view.
The orc shouts!
The orc priest shouts!
The orc shouts!
Enter note:
Enter note:
Enter note:
Enter note:
Enter note:
Enter note:
Enter note:
Enter note: You shoot a sling bullet.
The sling bullet hits the orc priest.
The orc priest is moderately wounded.
You shoot a sling bullet. The sling bullet hits the orc.
The orc is almost dead.
You shoot a sling bullet. The sling bullet hits the orc.
You kill the orc!
You shoot a sling bullet.
The sling bullet completely misses the orc.
The orc misses you.
The orc priest hits you but does no damage.
You shoot a sling bullet. The sling bullet barely misses the orc.
The orc hits you but does no damage.
The orc priest calls upon Beogh to heal the orc.
The orc is healed somewhat.
The orc barely misses you.
The orc priest hits you but does no damage.
You shoot a sling bullet.
The sling bullet closely misses the orc.
The orc hits you with a +0 club.
The orc priest mumbles some strange prayers to Beogh against you.
Beogh smites you!
You shoot a sling bullet. The sling bullet hits the orc.
The orc is moderately wounded.
The orc hits you but does no damage.
The orc priest invokes the aid of Beogh against you.
Beogh smites you!
You shoot a sling bullet. The sling bullet barely misses the orc.
The orc barely misses you.
The orc priest mumbles some strange prayers to Beogh against you.
Beogh smites you!
You die...

##.## ###### ....
#....# ...# #....#
...# #....# ...#
#....# o..
#....######o######
#..).)....@.......
###.......#.######
#.......#.#
######.......#.#
#....#.......#.#
#....#.......#.#
#....#.......#.#
####....#.......#.##
...................
# #


You could see an orc priest and an orc.

Vanquished Creatures
  An orc priest (D:3)
  3 adders (D:2)
  2 worms
  4 dart slugs
  4 orcs (D:3)
  7 ball pythons
  13 endoplasms
  4 giant cockroaches
  4 goblins
  4 hobgoblins
  3 jackals (D:2)
  3 quokkas
  3 bats
  3 frilled lizards
  4 kobolds
  4 rats
66 creatures vanquished.

Notes
Turn   | Place    | Note
-------+----------+-------------------------------------------
     0 | D:1      | qw the Gargoyle Hexslinger began the quest for the Orb.
     0 | D:1      | Reached XP level 1. HP: 12/12 MP: 2/2
     0 | D:1      | 0 ||| qw: Version: 0.3-a-46-gb1f654a
     0 | D:1      | 0 ||| qw: Game counter: 1862
     0 | D:1      | 0 ||| qw: Melee chars always use a shield: true
     0 | D:1      | 0 ||| qw: God list: Okawaru
     0 | D:1      | 0 ||| qw: Allow faded altars: false
     0 | D:1      | 0 ||| qw: Do Orc after clearing Dungeon:15 true
     0 | D:1      | 0 ||| qw: Do second Lair branch before Depths: true
     0 | D:1      | 0 ||| qw: Lair rune preference: random
     0 | D:1      | 0 ||| qw: Goals: Normal
     0 | D:1      | 0 ||| PLANNING D:1-11
   115 | D:1      | Reached XP level 2. HP: 16/16 MP: 3/3
   147 | D:1      | 147 ||| Stepping ~*~*~tactically~*~*~ (outnumbered).
   153 | D:1      | Reached skill level 3 in Ranged Weapons
   279 | D:1      | Reached XP level 3. HP: 21/21 MP: 4/4
   513 | D:1      | 513 ||| UPGRADING to +0 ring mail.
   523 | D:1      | 523 ||| DROPPING +0 robe.
   524 | D:1      | 524 ||| READING scroll labelled HAF IKLESA.
   527 | D:1      | 527 ||| READING scroll labelled JUOPOP ONLA.
   528 | D:1      | 528 ||| READING 2 scrolls labelled YNEIFIOTURPH.
   529 | D:1      | 529 ||| DRINKING 2 bubbling white potions.
   530 | D:1      | 530 ||| DROPPING scroll of poison.
   531 | D:1      | 531 ||| DROPPING scroll of vulnerability.
   798 | D:2      | Reached skill level 4 in Ranged Weapons
   798 | D:2      | Reached XP level 4. HP: 21/26 MP: 5/5
   931 | D:2      | Reached skill level 1 in Armour
  1172 | D:2      | 1172 ||| UPGRADING to +0 helmet.
  1177 | D:2      | 1177 ||| UPGRADING to +0 pair of boots.
  1182 | D:2      | 1182 ||| READING scroll labelled AXOMOU JITASUN.
  1183 | D:2      | 1183 ||| READING 3 scrolls labelled JYKOSE QIUNOHO.
  1184 | D:2      | 1184 ||| DRINKING 2 inky potions.
  1185 | D:2      | 1185 ||| DRINKING 2 murky silvery potions.
  1186 | D:2      | 1186 ||| READING 2 scrolls of identify.
  1186 | D:2      | 1186 ||| IDENTIFYING sedimented red potion
  1223 | D:3      | 1223 ||| STAIRDANCE
  1372 | D:3      | Reached XP level 5. HP: 11/30 MP: 6/6
  1456 | D:3      | Found a runed translucent gate.
  1458 | D:3      | Found a runed translucent gate.
  1458 | D:3      | Found a runed translucent gate.
  1458 | D:3      | Noticed qw's ghost (weakling GrHs)
  1512 | D:3      | Found a faded altar of an unknown god.
  1782 | D:3      | Killed from afar by an orc priest

Levels and vault maps discovered:
D:1:      psy_arrival_conway, layout_basic
D:2:      layout_basic
D:3:      layout_basic, ebering_ghost_rock_garden,
          hellmonk_ecumenical_altar_leap_of_faith

Skill      XL: |  1  2  3  4 |
---------------+-------------+-----
Ranged Weapons | 3 4 |  4.9
Fighting       | 2 |  2.0
Armour         | 1 |  1.2
Dodging        | |  1.5
Spellcasting   | |  1.0
Hexes          | |  2.6

Action                     |  1- 3 |  4- 6 || total
---------------------------+-------+-------++-------
   Fire: Sling             |   140 |   113 ||   253
    Use: Scroll            |     3 |     3 ||     6
         Potion            |     1 |     2 ||     3
 Armour: Robe              |    12 |       ||    12
         Ring mail         |    17 |    39 ||    56
  Dodge: Dodged            |    49 |    33 ||    82

Table legend:
 A = Non-vault XP
 B = Vault XP
 C = Vault XP percentage of total XP
 D = Non-vault monster count
 E = Vault monster count
 F = Vault count percentage of total count
                 A         B        C        D         E       F
            +---------+---------+-------+---------+---------+-------
      Total |     212 |       0 |   0.0 |      66 |       0 |   0.0
            +---------+---------+-------+---------+---------+-------
        D:1 |      48 |       0 |   0.0 |      29 |       0 |   0.0
        D:2 |      84 |       0 |   0.0 |      23 |       0 |   0.0
        D:3 |      80 |       0 |   0.0 |      14 |       0 |   0.0
            +---------+---------+-------+---------+---------+-------
